 Dungeon Crawl Stone Soup version 0.27-a0-1200-g94dc6ad4cf (console) character file.

Game seed: 13394235922591476532

309088 jejorda2 the Fencer (level 20, -1/162 HPs)
             Began as a Merfolk Berserker on May 30, 2021.
             Was a High Priest of Trog.
             Killed from afar by an ironbound frostheart (24 damage)
             ... with a frost
             ... on level 2 of the Vaults on May 31, 2021.
             The game lasted 02:52:27 (51937 turns).

jejorda2 the Fencer (Merfolk Berserker)            Turns: 51937, Time: 02:52:28

Health: -1/162     AC: 36    Str: 28    XL:     20   Next: 79%
Magic:  20/20      EV: 15    Int:  5    God:    Trog [*****.]
Gold:   714        SH: 17    Dex: 14    Spells: 19/19 levels left

rFire    + . .     SeeInvis +   a - +4 double sword (vorpal)
rCold    + . .     Faith    +   R - +2 kite shield {AC+3}
rNeg     + + .     Spirit   .   h - +7 chain mail of Jauc {rC+ rN+ Str+4}
rPois    +         Reflect  .   G - +2 helmet
rElec    .         Harm     .   F - +2 ratskin cloak {*Rats rPois rN+ Str-1 Int-1 Dex+1}
rCorr    .         Rampage  .   U - +1 pair of gloves
Will     ++++.                  A - +2 pair of boots of Midwinter {rF+ Stlth+}
Stlth    ..........             X - amulet of faith
HPRegen  1.37/turn              N - ring of willpower
MPRegen  0.17/turn              w - ring of see invisible

@: marked, strong-willed, frozen, regenerating, very slow
A: (nimble swimmer 2), mertail, clumsy 1
}: 3/15 runes: barnacled, abyssal, gossamer
a: Renounce Religion, Berserk, Trog's Hand, Brothers in Arms


You were on level 2 of the Vaults.
You worshipped Trog.
Trog was extremely pleased with you.
You visited 7 branches of the dungeon, and saw 36 of its levels.
You visited the Abyss 1 time.
You visited 1 bazaar.

You collected 3856 gold pieces.
You spent 3142 gold pieces at shops.

Inventory:

Hand Weapons
 a - a +4 vorpal double sword (weapon)
 b - a +5 scimitar of flaming
Missiles
 n - 67 poisoned darts
 p - 7 curare-tipped darts
 q - 18 boomerangs of dispersal {!F}
 t - 7 throwing nets
 x - 45 boomerangs (quivered)
 V - 31 silver javelins
 W - 7 datura-tipped darts
Armour
 h - the +7 chain mail of Jauc (worn) {rC+ rN+ Str+4}
   (You bought it in a shop on level 2 of the Orcish Mines)

   It affects your strength (+4).
   It protects you from cold.
   It protects you from negative energy.
 A - the +2 pair of boots of Midwinter (worn) {rF+ Stlth+}
   (You found it on level 13 of the Dungeon)

   It protects you from fire.
   It makes you more stealthy.
 F - the +2 ratskin cloak (worn) {*Rats rPois rN+ Str-1 Int-1 Dex+1}
   (You found it on level 8 of the Dungeon)

   It affects your strength (-1).
   It affects your intelligence (-1).
   It affects your dexterity (+1).
   It protects you from poison.
   It protects you from negative energy.
 G - a +2 helmet (worn)
 R - a +2 kite shield of protection (worn)
 U - a +1 pair of gloves (worn)
Jewellery
 d - a ring of resist corrosion
 w - a ring of see invisible (right hand)
 N - a ring of willpower (left hand)
 Q - a ring of ice
 T - a ring of protection from fire
 X - an amulet of faith (around neck)
Wands
 l - a wand of flame (47)
 u - a wand of digging (16)
 J - a wand of charming (7)
 M - a wand of polymorph (16)
 O - a wand of mindburst (40)
 P - a wand of acid (12)
 S - a wand of iceblast (16)
 Y - a wand of paralysis (5)
Scrolls
 e - a scroll of fog
 j - 3 scrolls of fear
 r - 4 scrolls of teleportation
 y - 2 scrolls of blinking
 z - a scroll of enchant armour
 B - 2 scrolls of silence
 I - a scroll of magic mapping
Potions
 f - 6 potions of attraction
 i - 2 potions of haste
 k - 6 potions of lignification
 m - 10 potions of curing
 o - 2 potions of cancellation
 s - a potion of might
 v - 3 potions of flight
 E - 3 potions of resistance
 K - 3 potions of mutation
 L - 10 potions of heal wounds
 Z - 3 potions of invisibility
Miscellaneous
 c - a lightning rod (4/4)
 g - a tin of tremorstones (1/2)
 D - a phial of floods
 H - a condenser vane (inert)


   Skills:
 + Level 15.1 Fighting
 - Level 16.0 Long Blades
 - Level 16.0 Throwing
 * Level 13.3 Armour
 + Level 13.9 Dodging
 - Level 2.0 Stealth
 - Level 15.0 Shields
 - Level 9.0 Evocations


You had 19 spell levels left.
You didn't know any spells.
Your spell library was empty.

Dungeon Overview and Level Annotations

Branches:
Dungeon (15/15)            Temple (0/1) D:6            Lair (6/6) D:8
 Shoals (4/4) Lair:4       Spider (4/4) Lair:2        Slime (1/5) Lair:6
    Orc (2/2) D:10            Elf (0/3) Orc:2        Vaults (4/5) D:14
  Crypt (0/3) Vaults:3     Depths (0/5) D:15

Altars:
Cheibriados
Elyvilon
Fedhas
Gozag
Nemelex Xobeh
Uskayaw
Vehumet
Xom
Beogh

Shops:
D:2 (   D:10 (:   Orc:1 [   Orc:2 [([(   Shoals:1 [   Vaults:1 ([=   Vaults:2 ?
Vaults:4 :

Portals:
Trove: D:10 (give 7 scrolls of fog)

Annotations:
D:6 1 runed translucent door, exclusion: door, Crazy Yiuf


Innate Abilities, Weirdness & Mutations

((You are quick and stealthy near water. (Stealth+, EV+, Speed+++)))
Your lower body shifts to a powerful aquatic tail in water.
You are clumsy. (Dex -2)


Message History

The burst of rock shards engulfs the ironbound preserver!
The burst of rock shards engulfs the yaktaur captain!!
The burst of rock shards engulfs the ironbound preserver!
The burst of rock shards engulfs the ironbound convoker simulacrum!!
The ironbound convoker simulacrum vapourises!
The burst of rock shards engulfs you but does no damage.
The burst of rock shards engulfs the vault warden simulacrum!!
The burst of rock shards engulfs the ironbound frostheart!
The burst of rock shards engulfs the yaktaur captain!!
The burst of rock shards engulfs the vault warden simulacrum!!
The vault warden simulacrum vapourises!
The burst of rock shards engulfs the ironbound preserver!
The burst of rock shards engulfs the deep troll!!
The burst of rock shards engulfs the ironbound preserver!
The burst of rock shards engulfs the ironbound frostheart!
The burst of rock shards engulfs the necromancer!
The burst of rock shards engulfs the deep troll!
The burst of rock shards engulfs you but does no damage.
The burst of rock shards engulfs the ironbound frostheart!
The burst of rock shards engulfs the deep troll!
The burst of rock shards engulfs the yaktaur captain!!
The burst of rock shards engulfs the ironbound preserver! x2
The burst of rock shards engulfs the necromancer!!
You kill the necromancer!
Trog accepts your kill.
Trog appreciates your killing of a magic user.
The burst of rock shards engulfs you but does no damage.
You kill the ironbound preserver!
Trog accepts your kill.
Trog appreciates your killing of a magic user.
A freezing mist starts to gather...
The deep troll is engulfed in poison gas.
The deep troll looks even sicker.
The yaktaur captain is engulfed in poison gas.
The yaktaur captain looks even sicker.
The ironbound frostheart is engulfed in poison gas.
The ironbound frostheart looks even sicker.
The ironbound frostheart calls freezing cold from the walls.
The frost grips you!! You partially resist.
You die...

........).................######
................................
........))......................
.......))##'####################
.........##..........
.......))##.........>
.........##§§........
.........##§cp#####..
.........##§Tcp@#
.........##§§T###
.........##§p.# .........##§..#
.........##...c #.... #....p
#...## #...#


You could see an ironbound preserver (soul bound, very poisoned), a yaktaur
captain (soul bound, strong, very poisoned), an ironbound frostheart (soul
bound, very poisoned), a centaur warrior (soul bound, poisoned), 2 deep trolls
and a vault sentinel (soul bound).

Vanquished Creatures
  A bone dragon (Abyss:3)
  Arachne (Spider:4)
  A kraken (Shoals:4)
  The ghost of Drazool the Fencer, an adept TrHu of Jiyva (Spider:3)
  A tentacled starspawn (D:15)
  Kirke (D:12)
  A sphinx (Vaults:1)
  Agnes (Spider:2)
  Roxanne (D:15)
  Louise (Spider:4)
  3 vault wardens
  6 ghost moths (Spider:4)
  6 emperor scorpions
  An orc warlord (Orc:2)
  11 ironbound preservers
  7 very ugly things
  2 war gargoyles (Vaults:2)
  2 entropy weavers
  A starcursed mass (Abyss:3)
  Azrael (D:14)
  2 crystal guardians
  6 merfolk javelineers
  Snorg (D:13)
  Josephine (Lair:6)
  4 merfolk impalers
  4 yaktaur captains
  A vault guard (D:14)
  An ironbound thunderhulk (Vaults:1)
  Harold (D:7)
  5 boulder beetles
  12 hydras
  2 ironbound frosthearts
  2 catoblepae
  7 merfolk avatars
  An ogre mage (Vaults:1)
  A peacekeeper (Vaults:2)
  3 alligator snapping turtles
  8 merfolk aquamancers
  A death knight (D:12)
  3 satyrs
  17 centaur warriors
  3 two-headed ogres
  A deep troll earth mage (Vaults:1)
  9 death yaks
  2 tengu warriors (D:13)
  An ironbound beastmaster (Vaults:4)
  A thrashing horror (Abyss:3)
  2 orc high priests (Orc:2)
  A titan skeleton (D:15)
  A deep elf knight (D:14)
  5 skeletal warriors
  A wretched star (Abyss:3)
  A sixfirhy (Abyss:3)
  6 spatial maelstroms (Abyss:3)
  8 sea snakes
  Pikel (D:8)
  A phantasmal warrior (D:15)
  33 deep trolls
  5 wizards
  3 necromancers
  7 ironbound convokers
  3 lindwurms
  An orc knight (Orc:2)
  2 deep elf pyromancers
  A human zombie (Vaults:1)
  34 harpies
  18 orb spiders
  2 orc sorcerers (Orc:2)
  24 wolf spiders
  22 ugly things
  6 cyclopes
  2 worldbinders (Abyss:3)
  A frost giant zombie (D:15)
  21 manticores
  4 fauns (Shoals:1)
  An oklob plant (Lair:5)
  4 centaur zombies
  5 vault sentinels
  5 merfolk sirens
  9 elephants
  A smoke demon (Abyss:3)
  6 torpor snails
  3 large abominations (Abyss:3)
  5 water nymphs
  2 black mambas
  13 cane toads
  3 gargoyles
  5 unseen horrors
  5 rime drakes
  11 demonic crawlers
  10 komodo dragons
  A freezing wraith (D:14)
  10 yaktaurs
  A kobold demonologist (D:9)
  An efreet (D:14)
  A guardian mummy (D:15)
  4 polar bears
  36 jumping spiders
  2 trolls
  10 wind drakes
  28 merfolk
  11 hornets
  Prince Ribbit (D:6)
  6 snapping turtles
  10 dream sheep
  22 slime creatures
  7 blink frogs
  A fire dragon zombie (D:15)
  An ice dragon zombie (D:15)
  11 water elementals
  26 tarantellas
  33 yaks
  2 wyverns
  Sigmund (D:3)
  63 redbacks
  3 vampires
  13 spriggans (Lair:6)
  10 wraiths
  2 fire elementals (D:14)
  2 shadows
  A neqoxec (Abyss:3)
  5 basilisks
  A steam dragon (D:6)
  2 humans (Vaults:3)
  Menkaure (D:7)
  A vampire mosquito (D:14)
  A warg (Orc:2)
  14 water moccasins
  8 spatial vortices (Abyss:3)
  3 acid dragons
  5 hell hounds (D:14)
  27 orc warriors
  Duvessa (D:6)
  3 human skeletons (Vaults:1)
  A sky beast (D:6)
  5 ogres
  6 black bears (Lair:6)
  An ice beast (D:7)
  3 boggarts (Lair:6)
  24 wolves
  20 centaurs
  4 phantoms
  4 kobold brigands
  10 bullfrogs
  2 wyvern zombies
  A scorpion (D:7)
  Dowan (D:6)
  A water moccasin zombie (D:5)
  3 gnoll sergeants
  9 killer bees
  3 vampire bats (D:9)
  A howler monkey (D:6)
  A bullfrog zombie (D:6)
  A jelly (D:4)
  A hound (D:5)
  19 orc priests
  2 bullfrog skeletons
  An iron imp (Abyss:3)
  Terence (D:3)
  A centaur skeleton (D:7)
  Natasha (thrice) (D:2)
  An iguana (D:2)
  23 orc wizards
  2 killer bee zombies
  A hound skeleton (D:4)
  Robin (D:2)
  17 gnolls
  16 adders
  A shadow imp (D:6)
  A white imp (D:6)
  An ufetubus (D:4)
  2 worms
  5 dart slugs
  93 orcs
  8 endoplasms
  6 giant cockroaches
  17 goblins
  14 hobgoblins
  10 jackals
  28 kobolds
  3 quokkas
  10 ball pythons
  16 bats
  A frilled lizard (D:3)
  6 rats
1258 creatures vanquished.

Vanquished Creatures (collateral kills)
  Polyphemus (Shoals:2)
  An ironbound preserver (Vaults:3)
  3 very ugly things
  A yaktaur captain (Vaults:2)
  A death knight (D:12)
  A merfolk aquamancer (Shoals:4)
  10 death yaks
  2 sea snakes
  A shadow demon (Abyss:3)
  3 deep trolls (Vaults:3)
  A phantasmal warrior (D:12)
  2 harpies
  2 deep elf pyromancers (D:14)
  An ugly thing (Vaults:2)
  3 oklob plants (Lair:5)
  A worldbinder (Abyss:3)
  4 merfolk sirens (Lair:4)
  2 komodo dragons
  4 yaktaurs (Vaults:2)
  2 freezing wraiths (D:12)
  A tengu conjurer (D:14)
  2 tormentors (Abyss:3)
  A wind drake (shapeshifter) (Abyss:3)
  A merfolk (Shoals:4)
  A raiju (Abyss:3)
  A dream sheep (shapeshifter) (Abyss:3)
  2 blink frogs (Lair:6)
  A slime creature (D:12)
  A snapping turtle (Shoals:4)
  2 wraiths (D:12)
  A yak (Lair:2)
  A human (Vaults:3)
  A water moccasin (Lair:6)
  A spatial vortex (Abyss:3)
  A gnoll (D:7)
  An orc (D:7)
65 creatures vanquished.

Vanquished Creatures (others)
  2 harpies
  A merfolk (Shoals:4)
  A tarantella (Spider:3)
  An orc wizard (Orc:2)
  57 fungi
  99 plants
  2 starspawn tentacles (D:15)
  4 tentacles (Shoals:4)
  15 withered plants (D:15)
182 creatures vanquished.

Grand Total: 1505 creatures vanquished

Notes
Turn   | Place    | Note
-------+----------+-------------------------------------------
     0 | D:1      | jejorda2 the Merfolk Berserker began the quest for the Orb.
     0 | D:1      | Reached XP level 1. HP: 18/18 MP: 1/1
   306 | D:1      | Reached XP level 2. HP: 24/24 MP: 2/2
   307 | D:1      | You fall into a shaft and drop 1 floor!
   412 | D:2      | Noticed Natasha
   422 | D:2      | Noticed Robin
   439 | D:2      | Killed Natasha
   440 | D:2      | Reached XP level 3. HP: 30/30 MP: 3/3
   456 | D:2      | Killed Robin
   457 | D:2      | Reached XP level 4. HP: 9/37 MP: 4/4
   684 | D:2      | Found Eryacim's Antique Weapon Shop.
   892 | D:1      | Reached ** piety under Trog
  1185 | D:2      | Noticed Natasha
  1201 | D:2      | Killed Natasha
  1517 | D:2      | Reached XP level 5. HP: 40/42 MP: 5/5
  1553 | D:2      | Reached skill level 5 in Long Blades
  1591 | D:2      | Noticed Natasha
  1626 | D:2      | Killed Natasha
  2003 | D:3      | Reached XP level 6. HP: 29/49 MP: 6/6
  2183 | D:3      | Found a blossoming altar of Fedhas.
  2211 | D:3      | Noticed Sigmund
  2220 | D:3      | Killed Sigmund
  2221 | D:3      | Reached skill level 5 in Fighting
  2221 | D:3      | Found a hide-covered altar of Uskayaw.
  2601 | D:3      | Reached XP level 7. HP: 56/56 MP: 7/7
  2925 | D:3      | Noticed Terence
  2943 | D:3      | Killed Terence
  2943 | D:3      | Reached *** piety under Trog
  4127 | D:4      | Reached **** piety under Trog
  4361 | D:4      | Reached XP level 8. HP: 64/64 MP: 6/8
  4805 | D:5      | Entered Level 5 of the Dungeon
  6020 | D:6      | Reached skill level 1 in Throwing
  6111 | D:6      | Noticed Dowan
  6111 | D:6      | Noticed Duvessa
  6117 | D:6      | Killed Duvessa
  6118 | D:6      | Reached XP level 9. HP: 71/71 MP: 9/9
  6120 | D:6      | Killed Dowan
  6435 | D:6      | Found an opulent altar of Gozag.
  6778 | D:6      | Found a staircase to the Ecumenical Temple.
  6778 | D:6      | Noticed Prince Ribbit
  6805 | D:6      | Killed Prince Ribbit
  7153 | D:6      | Reached skill level 10 in Long Blades
  7452 | D:6      | Found a runed translucent door.
  7453 | D:6      | Noticed Crazy Yiuf
  7481 | D:7      | Noticed a hornet
  7499 | D:7      | Paralysed by a hornet for 1 turns
  7511 | D:7      | Paralysed by a hornet for 3 turns
  7526 | D:7      | Killed a hornet
  7527 | D:7      | Reached skill level 5 in Armour
  7864 | D:7      | Noticed Harold
  7885 | D:7      | Killed Harold
  7886 | D:7      | Reached XP level 10. HP: 77/77 MP: 7/10
  8283 | D:7      | Identified the +1 leather armour of Tib Vecuola {-Cast
                  | rPois Regen+ Dex+2}
  8287 | D:7      | Noticed Menkaure
  8296 | D:7      | Killed Menkaure
  8297 | D:7      | Reached skill level 5 in Throwing
  9268 | D:8      | Found a sparkling altar of Nemelex Xobeh.
  9335 | D:8      | Found the +2 ratskin cloak {*Rats rPois rN+ Str-1 Int-1
                  | Dex+1}
  9395 | D:8      | Found a staircase to the Lair.
  9483 | D:8      | Noticed Pikel
  9510 | D:8      | Killed Pikel
  9511 | D:8      | Reached skill level 1 in Shields
  9617 | D:8      | Identified the +7 mace of Propriety {holy, rF+}
 10283 | D:9      | Reached ***** piety under Trog
 10686 | D:9      | Found a radiant altar of Vehumet.
 10686 | D:9      | Found a white marble altar of Elyvilon.
 10850 | D:9      | Noticed a kobold demonologist
 10859 | D:9      | Killed a kobold demonologist
 10860 | D:9      | Reached XP level 11. HP: 83/83 MP: 11/11
 11011 | D:10     | Entered Level 10 of the Dungeon
 11034 | D:10     | Noticed a two-headed ogre
 11048 | D:10     | Killed a two-headed ogre
 11114 | D:10     | Found a staircase to the Orcish Mines.
 11189 | D:10     | Found a portal to a secret trove of treasure.
 11300 | D:10     | Found Sathithru's Antique Weapon Emporium.
 11445 | D:10     | Found Cirif's Book Shoppe.
 11608 | D:10     | Bought a scimitar for 128 gold pieces
 11669 | Lair:1   | Entered Level 1 of the Lair of Beasts
 12017 | Lair:1   | Noticed an eight-headed hydra
 12027 | Lair:1   | Killed an eight-headed hydra
 12123 | Lair:1   | Noticed a boulder beetle
 12135 | Lair:1   | Killed a boulder beetle
 12136 | Lair:1   | Reached skill level 5 in Shields
 12206 | Lair:1   | Identified the +7 trident of the Ten Scars {freeze, rElec
                  | Will++ Str+2 Int-2}
 13293 | Lair:2   | Noticed a catoblepas
 13326 | Lair:2   | Killed a catoblepas
 13593 | Lair:2   | Reached XP level 12. HP: 86/89 MP: 9/12
 13617 | Lair:2   | Noticed a seven-headed hydra
 13632 | Lair:2   | Killed a seven-headed hydra
 13633 | Lair:2   | Reached skill level 5 in Dodging
 13715 | Lair:2   | Noticed an eight-headed hydra
 13730 | Lair:2   | Killed an eight-headed hydra
 13970 | Lair:2   | Reached skill level 1 in Stealth
 14094 | Lair:2   | Received a gift from Trog
 14454 | Lair:2   | Found a hole to the Spider Nest.
 15073 | Lair:3   | Noticed a four-headed hydra
 15082 | Lair:3   | Killed a four-headed hydra
 15307 | Lair:3   | Reached skill level 15 in Long Blades
 15846 | Lair:4   | Found a staircase to the Shoals.
 16000 | Lair:4   | Noticed a boulder beetle
 16015 | Lair:4   | Killed a boulder beetle
 16151 | Lair:4   | Noticed a death yak
 16168 | Lair:4   | Killed a death yak
 16224 | Lair:4   | Noticed a death yak
 16224 | Lair:4   | Noticed a death yak
 16242 | Lair:4   | Killed a death yak
 16250 | Lair:4   | Killed a death yak
 16251 | Lair:4   | Reached XP level 13. HP: 95/95 MP: 10/13
 16367 | Lair:4   | Found a snail-covered altar of Cheibriados.
 16380 | Lair:4   | Reached skill level 1 in Evocations
 19000 | Lair:6   | Entered Level 6 of the Lair of Beasts
 19246 | Lair:6   | Noticed Josephine
 19483 | Lair:5   | Reached skill level 5 in Evocations
 19542 | Lair:6   | Received a gift from Trog
 19733 | Lair:6   | Reached XP level 14. HP: 95/106 MP: 12/14
 20110 | Lair:6   | Reached skill level 10 in Shields
 20406 | Lair:6   | Killed Josephine
 21062 | Lair:6   | Reached skill level 10 in Fighting
 21810 | Lair:6   | Found a staircase to the Slime Pits.
 22279 | Lair:6   | Identified the +6 spear of Blind Justice {holy, rElec rN+}
 22283 | Lair:6   | Identified the +9 scythe of the Protecting Tiger {flame,
                  | Dex+2 SInv}
 22637 | Orc:1    | Entered Level 1 of the Orcish Mines
 22812 | Orc:1    | Found Xuhavari's Armour Shop.
 22875 | Orc:2    | Entered Level 2 of the Orcish Mines
 22989 | Orc:2    | Found a staircase to the Elven Halls.
 23634 | Orc:2    | Found Teilipa's Antique Weapon Boutique.
 24007 | Orc:2    | Found Bycelon's Antique Armour Shop.
 24045 | Orc:2    | Bought a pair of embroidered gloves for 277 gold pieces
 24433 | Orc:2    | Paralysed by an orc sorcerer for 3 turns
 24621 | Orc:2    | Reached XP level 15. HP: 117/117 MP: 15/15
 24741 | Orc:2    | Found Adothresk's Antique Weapon Boutique.
 24745 | Orc:2    | Found Civimut's Antique Armour Shop.
 24756 | Orc:2    | Bought a pitted chain mail for 313 gold pieces
 24756 | Orc:2    | Identified the +7 chain mail of Jauc {rC+ rN+ Str+4} (You
                  | bought it in a shop on level 2 of the Orcish Mines)
 24756 | Orc:2    | Bought a pair of embroidered gloves for 247 gold pieces
 24896 | Orc:2    | Bought an embroidered cloak for 277 gold pieces
 24896 | Orc:2    | Bought a runed cloak for 277 gold pieces
 24949 | Orc:2    | Received a gift from Trog
 25103 | Orc:2    | Noticed an orc warlord
 25135 | Orc:2    | Killed an orc warlord
 27769 | D:13     | Noticed Kirke
 27780 | D:12     | Killed Kirke
 27879 | D:13     | Identified the +2 pair of boots of Midwinter {rF+ Stlth+}
 28237 | D:13     | Noticed Snorg
 28269 | D:13     | Killed Snorg
 28885 | D:13     | Received a gift from Trog
 29403 | D:14     | Found a gate to the Vaults.
 29626 | D:14     | Found a shimmering altar of Xom.
 29631 | D:14     | Found a shimmering altar of Xom.
 29634 | D:14     | Reached skill level 15 in Shields
 29634 | D:14     | Reached XP level 16. HP: 123/127 MP: 16/16
 29646 | D:14     | Found a shimmering altar of Xom.
 29646 | D:14     | Found a shimmering altar of Xom.
 29647 | D:14     | Found a shimmering altar of Xom.
 29648 | D:14     | Found a shimmering altar of Xom.
 29831 | D:14     | Noticed Azrael
 29851 | D:14     | Killed Azrael
 29912 | D:14     | Identified the +1 flail "Nuuxorife" {flame, +Rage}
 30174 | D:15     | Entered Level 15 of the Dungeon
 30305 | D:15     | Found a staircase to the Depths.
 31954 | D:15     | Identified Roxanne's Incunabulum of the Mountains
 31954 | D:15     | Noticed Roxanne
 31955 | D:15     | Cast into level 3 of the Abyss (a wizard)
 32119 | Abyss:3  | Reached skill level 10 in Throwing
 32179 | Abyss:3  | Got an abyssal rune of Zot
 32206 | Abyss:3  | Gained mutation: You are clumsy. (Dex -2) [a neqoxec]
 32241 | Abyss:3  | Received a gift from Trog
 32256 | Abyss:3  | Noticed a bone dragon
 32269 | Abyss:3  | Noticed a tentacled starspawn
 32271 | Abyss:3  | Killed a bone dragon
 32274 | D:15     | Escaped the Abyss
 32279 | D:15     | Killed a tentacled starspawn
 32487 | D:15     | Killed Roxanne
 32791 | Shoals:1 | Entered Level 1 of the Shoals
 33612 | Shoals:1 | Reached XP level 17. HP: 117/133 MP: 17/17
 34053 | Shoals:1 | Reached skill level 10 in Armour
 34146 | Shoals:1 | Found Peanaeb's Antique Armour Shoppe.
 34351 | Shoals:1 | Bought a glowing kite shield for 262 gold pieces
 34351 | Shoals:1 | Bought a pair of glowing boots for 262 gold pieces
 35947 | Shoals:2 | Noticed Polyphemus
 35992 | Shoals:2 | Killed Polyphemus
 38290 | Shoals:4 | Entered Level 4 of the Shoals
 38546 | Shoals:4 | Reached XP level 18. HP: 123/144 MP: 18/18
 39086 | Shoals:4 | Got a barnacled rune of Zot
 39859 | Shoals:4 | Identified the +7 plate armour of the World {rC+}
 40061 | Shoals:4 | Received a gift from Trog
 40720 | Slime:1  | Entered Level 1 of the Pits of Slime
 40876 | Spider:1 | Entered Level 1 of the Spider Nest
 42134 | Spider:2 | Noticed Agnes
 42139 | Spider:2 | Killed Agnes
 42836 | Spider:2 | Reached skill level 10 in Dodging
 43495 | Spider:3 | Received a gift from Trog
 43877 | Spider:3 | Reached ****** piety under Trog
 43939 | Spider:3 | Identified the +6 short sword "Raaneff" {vorpal, rN+++
                  | rCorr Str-5 Stlth-}
 44495 | Spider:3 | Found a large runed translucent door.
 44496 | Spider:3 | Found a large runed translucent door.
 44499 | Spider:3 | Noticed Drazool's ghost (adept TrHu)
 44553 | Spider:3 | Killed Drazool's ghost
 44627 | Spider:4 | Entered Level 4 of the Spider Nest
 44777 | Spider:3 | Received a gift from Trog
 45222 | Spider:4 | Reached XP level 19. HP: 152/152 MP: 19/19
 45517 | Spider:4 | Noticed Louise
 45528 | Spider:4 | Killed Louise
 45684 | Spider:4 | Received a gift from Trog
 45791 | Spider:4 | Noticed Arachne
 45853 | Spider:4 | Killed Arachne
 45862 | Spider:4 | Reached skill level 15 in Throwing
 46748 | Spider:4 | Got a gossamer rune of Zot
 47277 | Vaults:1 | Entered Level 1 of the Vaults
 48040 | Vaults:1 | Received a gift from Trog
 48063 | Vaults:1 | Found Liediraf's Jewellery Emporium.
 48070 | Vaults:1 | Bought a ring of see invisible for 270 gold pieces
 49204 | Vaults:1 | Reached XP level 20. HP: 154/159 MP: 20/20
 49342 | Vaults:1 | Found Kuopefre's Armour Shoppe.
 49379 | Vaults:1 | Received a gift from Trog
 49603 | Vaults:1 | Found Ihapn's Weapon Boutique.
 49862 | Vaults:2 | Identified the +4 mace of Experimentation {vorpal, rF+}
 50514 | Vaults:2 | You fall into a shaft and drop 2 floors!
 50584 | Vaults:4 | Found Toech's Book Boutique.
 50742 | Vaults:3 | Received a gift from Trog
 50770 | Vaults:3 | Found a flickering gateway to a bazaar.
 50800 | Bazaar   | Entered a bazaar
 50873 | Bazaar   | Found Zaucsopt's Antique Weapon Emporium.
 50885 | Bazaar   | Found Oxto Fik's Antique Weapon Shoppe.
 50900 | Bazaar   | Found Kaeroych's Antique Armour Shoppe.
 50912 | Bazaar   | Found Biefos's Antique Armour Emporium.
 50917 | Bazaar   | Bought a glowing helmet for 142 gold pieces
 50917 | Bazaar   | Bought a glowing tower shield for 142 gold pieces
 50917 | Bazaar   | Bought a faintly glowing chain mail for 180 gold pieces
 50917 | Bazaar   | Identified the +1 chain mail of Intuition {rF- Dex+5} (You
                  | bought it in a shop in a bazaar)
 50927 | Bazaar   | Bought a glowing scarf for 176 gold pieces
 50942 | Bazaar   | Bought a bloodstained scimitar for 189 gold pieces
 50942 | Bazaar   | Identified the +7 scimitar "Ylecekh" {vamp, rPois Str-4
                  | Dex+3} (You bought it in a shop in a bazaar)
 51281 | Vaults:3 | Reached skill level 15 in Fighting
 51326 | Vaults:2 | Found Muamogo's Magic Scroll Shoppe.
 51937 | Vaults:2 | Killed from afar by an ironbound frostheart

Illustrated notes

Levels and vault maps discovered:
D:1:      evilmike_arrival_hilbert_curve, layout_basic, solitary_fountain,
          chequers_serial_rivers_room_b, grunt_decor_mini_mirrors
D:2:      layout_basic, serial_shops, nicolae_shop_statue_plus, minivault_14,
          wad_floor_pattern_untrapped, minmay_nonomino_d4, uniq_natasha,
          uniq_robin
D:3:      minmay_chambers_of_threes, layout_loops_corners, lemuel_crystal_altar,
          fedhas_altar_2, uniq_sigmund, uniq_terence
D:4:      layout_basic, minmay_divided_ellipse
D:5:      layout_cave_pools, kennysheep_cluttered_room, lightli_minifort
D:6:      layout_loops_ring, grunt_gozag_breadcrumbs, minmay_temple_entry_hall,
          hangedman_decor_slide_cut, nicolae_zen_rock_garden,
          chequers_serial_rivers_large_a, grunt_ministairs_14, kennysheep_nub,
          uniq_duvessa, uniq_crazy_yiuf_cottage, uniq_prince_ribbit1
D:7:      layout_rooms, minmay_misc_feat_iff, uniq_menkaure, uniq_harold
D:8:      layout_basic, old_standard_altar, dpeg_oklobed_lair,
          minmay_unpleasant_kobolds, uniq_pikel
D:9:      layout_irregular_city, gammafunk_temple_overflow_wave,
          roderic_batcave, nicolae_straight_to_the_point
D:10:     layout_irregular_city, orc_0_dummy, serial_shops, shop_fountains,
          nicolae_shop_competitors_out_of_business, enter_trove_3
D:11:     layout_rooms
D:12:     layout_gridville
D:13:     layout_rooms, hangedman_batty, uniq_kirke, uniq_snorg
D:14:     layout_rooms, david_vaults_5, xom_redecorated, uniq_azrael
D:15:     gammafunk_depths_entry_grave, layout_basic, minmay_misc_feat_cross,
          uniq_roxanne
Lair:1:   layout_chaotic_city, nzn_sisyphean_effort
Lair:2:   layout_layer_cave, spider_nest_entry_rubble, serial_bayou_pond_a,
          grunt_forest_small_clearings, grunt_megastairs_2
Lair:3:   layout_small_grid, cheibrodos_lair_caveside_slide
Lair:4:   layout_regular_city, elwin_shoals_entry_stream,
          small_statue_intersection, kennysheep_snail_temple
Lair:5:   layout_cave_pods, minmay_lair_oklob_chamber
Lair:6:   minmay_lair_end_enchanted_forest, layout_regular_city,
          dpeg_slime_entry_corner, uniq_josephine
Shoals:1: layout_shoals, serial_shops, shop, abandoned_shop,
          nicolae_shoals_aquamancer_cove
Shoals:2: layout_shoals, overgrown_hall, uniq_polyphemus
Shoals:3: layout_shoals
Shoals:4: shoals_end_hangedman, layout_shoals
Spider:1: layout_chambers
Spider:2: layout_chambers, uniq_agnes
Spider:3: layout_spider_delve, ebering_ghost_disaster_area
Spider:4: johnstein_spider_rune_arachne_lair, uniq_louise
Slime:1:  layout_caves
Orc:1:    layout_caves, serial_shops, shop, lightli_orcish_oven
Orc:2:    grunt_orc_community_town_hall, layout_caves,
          grunt_orc_community_big_house_1, grunt_orc_community_big_house_1,
          grunt_orc_community_house_3, grunt_orc_community_house_3,
          grunt_orc_community_house_1, grunt_orc_community_house_1,
          nicolae_orc_flooded_monolith
Vaults:1: v_misc_15, v_misc_18, nicolae_vaults_murderbox,
          vaults_dpeg_encased_lava, vaults_room_fours, dpeg_vaults_monster_row,
          vaults_room_pools, layout_vaults_big_room, serial_shops, shop, shop,
          shop
Vaults:2: nicolae_vaults_shelves_hall, vaults_room_fancy_cross,
          nicolae_vaults_network_quincunx
          [nicolae_vaults_network_quincunx_subvault,
          nicolae_vaults_network_quincunx_subvault,
          nicolae_vaults_network_quincunx_subvault,
          nicolae_vaults_network_quincunx_subvault,
          nicolae_vaults_network_quincunx_subvault], hangedman_vaults_nails,
          v_alt_pattern_6, v_alt_pattern_5, hangedman_vaults_hard_town_square,
          vaults_room_semicircle, hangedman_vaults_nails, vaults_room_door_ring,
          layout_vaults_omnicross, serial_shops, nicolae_shop_trees
Vaults:3: nicolae_vaults_triangles, v_alt_pattern_2, nicolae_vaults_theta,
          v_pattern_3, st_spiral_rooms, minmay_crypt_entry_vampire_xt,
          layout_vaults_omnigrid, serial_shops, bzr_entry_customers
Vaults:4: nicolae_vaults_holding_cells, hangedman_vaults_river_flow,
          hangedman_vaults_pinch, v_rooms_1, vaults_dpeg_spiral,
          hangedman_vaults_unwind, ontoclasm_vaults_tryst, v_misc_28,
          vaults_dpeg_hooks, v_misc_27, ontoclasm_vaults_pinch,
          ontoclasm_vaults_loading_screen, layout_vaults_omnibox, serial_shops,
          nicolae_shop_stone, uniq_mennas

Skill      XL: |  1  2  3  4  5  6  7  8  9 10 11 12 13 14 15 16 17 18 19 20 |
---------------+-------------------------------------------------------------+-----
Long Blades    | 4 5 6 7 9 11 12 14 16 | 16.0
Armour         | 2 3 4 5 6 8 9 11 12 13 | 13.3
Fighting       | 4 5 6 8 10 12 13 14 15 | 15.1
Throwing       | 2 4 6 7 11 12 14 16 | 16.0
Shields        | 3 5 9 12 15 | 15.0
Dodging        | 4 8 11 12 13 | 13.9
Stealth        | 2 |  2.0
Evocations     | 5 6 9 |  9.0

Action                   |  1- 3 |  4- 6 |  7- 9 | 10-12 | 13-15 | 16-18 | 19-21 || total
-------------------------+-------+-------+-------+-------+-------+-------+-------++-------
Melee: Falchion          |    75 |   214 |   585 |   431 |       |       |       ||  1305
       Tailslap          |       |     4 |     1 |       |     4 |    27 |       ||    36
       Scimitar          |       |       |       |   458 |  2031 |  1289 |       ||  3778
       Whip              |       |       |       |     7 |       |       |       ||     7
       Trident           |       |       |       |    20 |    32 |     4 |       ||    56
       Long sword        |       |       |       |       |    10 |    33 |       ||    43
       Double sword      |       |       |       |       |       |   424 |   875 ||  1299
Throw: Dart              |       |       |    21 |    39 |   126 |    38 |     6 ||   230
       Throwing net      |       |       |       |     1 |       |     2 |       ||     3
       Boomerang         |       |       |       |     5 |    17 |   257 |   134 ||   413
       Javelin           |       |       |       |       |       |       |     5 ||     5
Invok: Berserk           |     1 |     3 |    10 |    15 |    19 |    11 |     6 ||    65
       Trog's Hand       |       |     3 |     3 |     6 |    12 |    11 |     7 ||    42
       Brothers in Arms  |       |       |       |     2 |     6 |     9 |     5 ||    22
Evoke: Wand              |       |       |     1 |     3 |     8 |     6 |     1 ||    19
       Tin of tremorston |       |       |       |       |       |     2 |     2 ||     4
       Condenser vane    |       |       |       |       |       |       |     3 ||     3
       Phial of floods   |       |       |       |       |       |       |     1 ||     1
  Use: Potion            |     1 |       |     2 |     5 |     1 |     3 |     2 ||    14
       Scroll            |       |       |    17 |     9 |     2 |     5 |     2 ||    35
 Stab: Held in net/web   |       |       |       |     1 |       |     1 |       ||     2
       Distracted        |       |       |       |       |     3 |     1 |       ||     4
       Paralysed         |       |       |       |       |       |     3 |       ||     3
Armor: Plate armour      |    70 |   155 |   342 |       |       |       |       ||   567
       Chain mail        |       |       |    59 |   486 |  1018 |   729 |   429 ||  2721
       Skin              |       |       |    12 |       |       |       |       ||    12
Dodge: Dodged            |    22 |    72 |   175 |   289 |   735 |   878 |   402 ||  2573
Block: Buckler           |       |       |       |   120 |   153 |       |       ||   273
       Kite shield       |       |       |       |       |   907 |  1242 |   748 ||  2897
       Rpst.: Falchion   |     3 |    22 |    57 |    49 |       |       |       ||   131
       Scimitar          |       |       |       |    25 |   169 |   107 |       ||   301
       Double sword      |       |       |       |       |       |    48 |    66 ||   114

Table legend: (Time is in decaauts)
 A = Elapsed time spent in this place.
 B = Non-inter-level travel time spent in this place.
 C = Inter-level travel time spent in this place.
 D = Time resting spent in this place.
 E = Time spent auto-exploring this place.
 F = Levels seen in this place.
 G = Mean time per level.
                   A        B        C        D        E       F      G
               +--------+--------+--------+--------+--------+-----+--------+
         Total |  49964 |  47047 |   2917 |   4865 |  31766 |  38 | 1314.8 |
       Dungeon |  18562 |  17393 |   1169 |   1293 |  12520 |  15 | 1237.5 |
          Lair |  11886 |  10952 |    934 |   1576 |   7343 |   6 | 1981.0 |
        Shoals |   5994 |   5817 |    177 |    114 |   4178 |   4 | 1498.5 |
   Spider Nest |   6003 |   5671 |    332 |    682 |   3930 |   4 | 1500.8 |
    Slime Pits |     14 |     14 |      0 |      0 |      0 |   1 |   14.0 |
  Orcish Mines |   2744 |   2632 |    112 |    277 |   1335 |   2 | 1372.0 |
        Vaults |   4326 |   4135 |    191 |    890 |   2343 |   4 | 1081.5 |
         Abyss |    272 |    272 |      0 |     31 |      0 |   1 |  272.0 |
        Bazaar |    160 |    160 |      0 |      0 |    116 |   1 |  160.0 |
               +--------+--------+--------+--------+--------+-----+--------+

Top non-repeatable levels by time:
  Lair:6: 3007 daAuts
Vaults:1: 2470 daAuts
  Lair:4: 2453 daAuts
   Orc:2: 2090 daAuts
  Lair:5: 2030 daAuts
Spider:4: 1872 daAuts
     D:6: 1865 daAuts
  Lair:2: 1766 daAuts
     D:3: 1719 daAuts
  Lair:1: 1657 daAuts
Shoals:2: 1620 daAuts
    D:14: 1594 daAuts
Spider:2: 1593 daAuts
Shoals:1: 1543 daAuts
    D:15: 1524 daAuts
